 Dungeon Crawl Stone Soup version 0.30.0-7-g0c4daa9e05 (webtiles) character file.

Game seed: 11331932743121230731

930 Atelerd the Sneak (level 8, -6/48 HPs)
             Began as an Octopode Earth Elementalist on May 13, 2023.
             Was an Initiate of Sif Muna.
             Mangled by a gnoll
             ... wielding a +0 heavy halberd
             ... led by a gnoll bouda
              (19 damage)
             ... on level 7 of the Dungeon.
             The game lasted 00:05:44 (4191 turns).

Atelerd the Sneak (Octopode Earth Elementalist)     Turns: 4191, Time: 00:05:45

Health: -6/48      AC:  1    Str:  8    XL:     8   Next: 11%
Magic:  5/14       EV: 13    Int: 19    God:    Sif Muna [......]
Gold:   307        SH:  0    Dex: 12    Spells: 10/15 levels left

rFire   . . .        e - +8 Vampire's Tooth {megavamp}
rCold   . . .        (no shield)
rNeg    . . .        (helmet restricted)
rPois   .            g - amulet of regeneration
rElec   .            (no ring)
rCorr   .            (no ring)
SInv    .            (no ring)
Will    .....        (no ring)
Stlth   ++++         (no ring)
HPRegen 1.08/turn    (no ring)
MPRegen 0.14/turn    (no ring)
                     (no ring)

%: no passive effects
@: very slightly contaminated, slowed, very slow
A: almost no armour, amphibious, 8 rings, camouflage 1, gelatinous body 1,
(nimble swimmer 1), tentacles
a: Renounce Religion


You were on level 7 of the Dungeon.
You worshipped Sif Muna.
Sif Muna was noncommittal.
You visited 2 branches of the dungeon, and saw 8 of its levels.

You collected 307 gold pieces.

Inventory:

Hand Weapons
 e - the +8 Vampire's Tooth (weapon) {megavamp}
   (You acquired it on level 7 of the Dungeon)
 f - a +0 dagger
Jewellery
 g - an amulet of regeneration (around mantle)
 h - a ring of fire
Wands
 u - a wand of mindburst (8)
Scrolls
 b - a scroll of blinking
 l - 2 scrolls of identify {unknown}
 m - a scroll of torment {unknown}
 n - a scroll of silence {unknown}
 o - a scroll of enchant weapon {unknown}
 q - a scroll of amnesia {unknown}
 s - 2 scrolls of vulnerability {unknown}
 t - a scroll of fear {unknown}
 v - a scroll of poison {unknown}
 w - a scroll of teleportation {unknown}
Potions
 a - a potion of magic
 c - 2 potions of heal wounds {unknown}
 d - 2 potions of invisibility {unknown}
 i - a potion of haste {unknown}
 j - a potion of berserk rage {unknown}
 k - 5 potions of curing {unknown}
 p - a potion of degeneration {unknown}
 r - a potion of flight {unknown}


   Skills:
 - Level 1.0 Fighting
 - Level 1.0 Short Blades
 - Level 3.0 Dodging
 + Level 6.9 Stealth
 + Level 4.4 Spellcasting
 - Level 3.0 Transmutations
 + Level 5.6 Earth Magic


You had 10 spell levels left.
You knew the following spells:

 Your Spells              Type           Power      Damage    Failure   Level
a - Sandblast             Erth           50%        2d12      1%          1
p - Petrify               Tmut/Erth      20%        N/A       22%         4

Your spell library contained the following spells:

 Spells                   Type           Power      Damage    Failure   Level
 Passwall                 Tmut/Erth      16%        N/A       3%          2
 Stone Arrow              Conj/Erth      28%        3d8       12%         3
 Foxfire                  Conj/Fire      16%        2x1d4     13%         1
 Fireball                 Conj/Fire      2%         3d4       98%         5
 Plasma Beam              Fire/Air       2%         2x1d13    100%        6
 Starburst                Conj/Fire      2%         6d3       100%        6


Dungeon Overview and Level Annotations

Branches:
Dungeon (7/15)             Temple (1/1) D:7

Altars:
Ashenzari
Cheibriados
Dithmenos
Fedhas
Gozag
Hepliaklqana
Kikubaaqudgha
Makhleb
Okawaru
Sif Muna
Trog
Uskayaw
Vehumet
Wu Jian
Xom
Yredelemnul
Zin
The Shining One

Shops:
D:3 [   D:6 *

Annotations:
D:3 2 transporters, exclusion: downstairs, grizmgrazm2's ghost, amateur OgFE
D:5 Ijyb
D:7 4 runed translucent doors, exclusion: upstairs


Innate Abilities, Weirdness & Mutations

You cannot wear most types of armour.
You are amphibious.
You can wear up to eight rings at the same time.
Your skin changes colour to match your surroundings (Stealth+).
Your rubbery body absorbs attacks. (AC +1, EV +1)
((You are camouflaged when in or above water. (Stealth+)))
You have tentacles for arms and can constrict up to eight enemies at once.


Message History

The blast of sand hits the gnoll!
The gnoll is severely wounded.
The gnoll bouda shouts!
The gnoll shouts!
A hornet comes into view.
The gnoll hits you from afar with a +3 spear.
The gnoll bouda barks out a call to the hunt!
The gnolls pick up the pace!
A gnoll comes into view. It is wielding a +0 heavy halberd.
The gnoll shouts!
The gnoll hits you from afar with a +3 spear.
The gnoll closely misses you.
There is a large open door here.
There is a large open door, spattered with blood here.
Things that are here:
a +0 shortbow; a centaur corpse The blast of sand misses the gnoll.
The hornet buzzes angrily.
The gnoll closely misses you.
The gnoll hits you from afar with a +0 spear!
The blast of sand hits the gnoll!
You kill the gnoll!
Sif Muna accepts your kill.
The gnoll hits you from afar with a +0 spear. x2
The gnoll misses you.
The gnoll is no longer moving quickly.
You open the door.
The gnoll hits you from afar with a +0 spear.
Casting: Sandblast (safe; 1% risk of failure)
Confirm with . or Enter, or press ? or * to list all spells.
The spell is quite dangerous to miscast (22% risk of failure)!
Continue anyway?
Aiming: Petrify (quite dangerous; 22% risk of failure)
Press: ? - help, Shift-Dir - straight line, f - hornet
Aim: a hornet (chance to affect: 44%)
You miscast Petrify.
You are very lightly contaminated with residual magic.
Nothing appears to happen.
The gnoll barely misses you. The hornet stings you!
* * * LOW HITPOINT WARNING * * *
You feel yourself slow down.
The gnoll hits you from afar with a +0 heavy halberd!!
You die...

#.......###......##........#
#.......'........++........+
#.......####.....##...†....#
##+#.......+.....)').......+
#.#†#######...g.##........# .
#.#.#######.....##.....?..# #
#.###.#......##g....########+##
.##.#..........##yg...#####
...............'@...........
...≈≈≈≈≈.......#############
.≈≈≈≈≈≈≈≈≈.....##
≈≈≈≈≈≈≈≈≈≈≈≈.....
≈≈≈≈≈≈≈≈≈≈≈≈≈....# #
≈≈≈≈...≈≈≈≈≈≈....# .#
≈≈≈≈.>.≈≈≈≈≈≈....########.#
≈≈≈~...≈≈≈≈≈≈..............
≈≈~≈≈≈≈≈≈≈≈≈.....###...##########


You could see a hornet, a gnoll bouda and 2 gnolls.

Vanquished Creatures
  Eustachio (D:4)
  Edmund (D:4)
  A water moccasin (D:7)
  An ice beast (D:7)
  A centaur (D:7)
  A bullfrog (D:7)
  2 scorpions
  A hound (D:7)
  7 adders
  4 gnolls
  A dart slug (D:2)
  2 orcs
  7 ball pythons
  5 endoplasms
  4 giant cockroaches
  7 goblins
  13 hobgoblins
  4 jackals (D:2)
  7 kobolds
  4 quokkas
  4 bats
  5 frilled lizards
  5 rats
88 creatures vanquished.

Notes
Turn   | Place    | Note
-------+----------+-------------------------------------------
     0 | D:1      | Atelerd the Octopode Earth Elementalist began the quest for
                  | the Orb.
     0 | D:1      | Reached XP level 1. HP: 11/11 MP: 3/3
   349 | D:1      | Reached XP level 2. HP: 13/17 MP: 5/5
   623 | D:1      | Reached skill level 3 in Stealth
   700 | D:1      | Reached XP level 3. HP: 21/21 MP: 6/6
  1068 | D:2      | Reached XP level 4. HP: 27/27 MP: 3/7
  1953 | D:3      | Found a radiant altar of Vehumet.
  1964 | D:3      | Reached XP level 5. HP: 31/31 MP: 6/8
  2016 | D:3      | Found a glowing silver altar of Zin.
  2153 | D:3      | Noticed grizmgrazm2's ghost (amateur OgFE)
  2156 | D:3      | Found a transporter.
  2164 | D:3      | Found a transporter.
  2199 | D:3      | Found Ydura's Antique Armour Boutique.
  2531 | D:4      | Noticed Eustachio
  2540 | D:4      | Learned a level 4 spell: Petrify
  2633 | D:4      | Noticed Edmund
  2659 | D:4      | Killed Edmund
  2660 | D:4      | Reached skill level 4 in Stealth
  2660 | D:4      | Reached XP level 6. HP: 36/36 MP: 1/10
  3059 | D:4      | Killed Eustachio
  3060 | D:4      | Reached skill level 1 in Fighting
  3060 | D:4      | Reached skill level 1 in Short Blades
  3300 | D:5      | Entered Level 5 of the Dungeon
  3307 | D:5      | Reached skill level 5 in Stealth
  3371 | D:5      | Reached XP level 7. HP: 23/43 MP: 6/12
  3396 | D:5      | Identified 2 scrolls of acquirement
  3396 | D:5      | Acquired a +2 buckler of positive energy
  3397 | D:5      | Noticed Ijyb
  3411 | D:6      | Found Uxam's Assorted Antiques.
  3611 | D:7      | Found a huge runed translucent gate.
  3611 | D:7      | Found a huge runed translucent gate.
  3612 | D:7      | Found a huge runed translucent gate.
  3612 | D:7      | Noticed a wyvern
  3612 | D:7      | Noticed a yak
  3624 | D:7      | Noticed a yak
  3624 | D:7      | Noticed a polar bear
  3625 | D:7      | Noticed a polar bear
  3628 | D:7      | Acquired the +8 Vampire's Tooth {megavamp}
  3628 | D:7      | Found the +8 Vampire's Tooth {megavamp}
  3633 | D:7      | Found a huge runed translucent gate.
  3704 | D:7      | Reached skill level 6 in Stealth
  3704 | D:7      | Reached skill level 5 in Earth Magic
  3714 | D:7      | Found a staircase to the Ecumenical Temple.
  3731 | Temple   | Entered the Ecumenical Temple
  3885 | Temple   | Became a worshipper of Sif Muna the Loreminder
  4176 | D:7      | Reached XP level 8. HP: 48/48 MP: 11/14
  4177 | D:7      | Noticed a hornet
  4191 | D:7      | Mangled by a gnoll

Illustrated notes

Levels and vault maps discovered:
D:1:      lightli_arrival_maybe_door_vault, layout_loops_cross,
          chequers_serial_rivers_marsh
D:2:      layout_loops_ring, dreamdust_wishing_well, minmay_circled_x
D:3:      layout_rooms, mainiacjoe_overflow_large_starburst, serial_shops, shop,
          gammafunk_ghost_arena
D:4:      layout_cave_pools, chequers_temple_overflow_statue_of_worship,
          serial_bayou_pond_b, uniq_edmund, uniq_eustachio, uniq_grinder
D:5:      layout_rooms, gammafunk_ghost_necromancy, uniq_ijyb
D:6:      layout_basic, serial_shops, shop, serial_undead, serial_undead_d,
          serial_undead_b, serial_undead_a, serial_undead_b, serial_undead_b,
          serial_undead_c, serial_undead_f, nicolae_shop_vocational,
          uniq_menkaure
D:7:      lemuel_bear_cage, layout_basic, temple_pool_b, uniq_pikel, uniq_maggie
Temple:   regret_index_temple_sphere_string

Skill      XL: |  1  2  3  4  5  6  7 |
---------------+----------------------+-----
Stealth        | 3 4 5 6 |  6.9
Dodging        | 3 |  3.0
Transmutations | 2 3 |  3.0
Earth Magic    | 4 5 |  5.6
Spellcasting   | 3 4 |  4.4
Fighting       | 1 |  1.0
Short Blades   | 1 |  1.0

Action                     |  1- 3 |  4- 6 |  7- 9 || total
---------------------------+-------+-------+-------++-------
  Melee: Unarmed           |    24 |       |       ||    24
         Constrict         |     9 |    10 |     2 ||    21
         Tentacles         |     9 |     7 |     5 ||    21
         Punch             |     1 |     1 |     1 ||     3
         Dagger            |    10 |    33 |       ||    43
         Quick blade       |       |       |    20 ||    20
   Cast: Sandblast         |    22 |    60 |     9 ||    91
         Petrify           |       |     5 |     4 ||     9
    Use: Scroll            |       |       |     3 ||     3
   Stab: Sleeping          |     6 |     2 |       ||     8
         Distracted        |     1 |       |       ||     1
         Petrified         |       |    16 |     6 ||    22
 Armour: Skin              |     6 |     5 |     2 ||    13
  Dodge: Dodged            |    26 |    37 |    31 ||    94
